 Dungeon Crawl Stone Soup version 0.31-a0-188-g5e087ee2ca (webtiles) character file.

Game seed: 1539720541761688494

39 qw the Shooter (level 3, -6/20 HPs)
             Began as a Deep Elf Hunter on June 23, 2023.
             Mangled by an orc wizard
             ... wielding a +3 dagger
              (7 damage)
             ... on level 2 of the Dungeon.
             The game lasted 00:00:23 (824 turns).

qw the Shooter (Deep Elf Hunter)                     Turns: 824, Time: 00:00:23

Health: -6/20      AC:  6    Str: 10    XL:     3   Next: 26%
Magic:  5/5        EV:  9    Int: 13    God:
Gold:   44         SH:  0    Dex: 24    Spells: 2/2 levels left

rFire   . . .        Y - +0 shortbow
rCold   . . .        (shield currently unavailable)
rNeg    . . .        f - +0 scale mail
rPois   .            (no helmet)
rElec   .            (no cloak)
rCorr   .            (no gloves)
SInv    .            (no boots)
Will    .....        (no amulet) Stlth
                     m - +6 ring of dexterity
HPRegen 0.23/turn    (no ring)
MPRegen 0.09/turn

%: no passive effects
@: confused
A: no striking features
a: no special abilities


You were on level 2 of the Dungeon.
You visited 1 branch of the dungeon, and saw 2 of its levels.

You collected 44 gold pieces.


   Skills:
 - Level 1.5 Fighting
 + Level 6.8 Ranged Weapons
 - Level 2.4 Dodging
 - Level 1.2 Stealth


You had 2 spell levels left.
You didn't know any spells.
Your spell library was empty.

Inventory:

Hand Weapons
 Y - a +0 shortbow (weapon)
Armour
 f - a +0 scale mail (worn)
Jewellery
 m - a +6 ring of dexterity (left hand)
Scrolls
 a - a scroll of enchant armour {unknown}
Potions
 g - a potion of heal wounds {unknown}
 h - a potion of brilliance {unknown}
 i - a potion of curing {unknown}
 l - a potion of magic {unknown}

Dungeon Overview and Level Annotations

Branches:
Dungeon (2/15)

Altars:

Shops:
D:1 (


Message History

You shoot an arrow.
You hear a shout!
An orc comes into view. It is wielding a +0 trident.
You shoot an arrow.
You are confused.
You are more confused.
You shoot an arrow.
An orc comes into view. It is wielding a +0 club.
The orc shouts!
You hear a shout! x2
An orc comes into view. It is wielding a +0 war axe.
Something hits you. The orc closely misses you. Something hits you!
The orc barely misses you. Something hits you but does no damage.
The orc closely misses you. Something hits you but does no damage.
The orc hits you from afar with a +0 trident.
Something hits you but does no damage. The orc hits you but does no damage.
Something hits you but does no damage.
The orc hits you from afar with a +0 trident.
Something hits you.
You hear some strange, mumbled words.
A magic dart appears from out of thin air!
The magic dart hits you.
You feel less confused.
You shoot an arrow. The arrow hits the orc.
The orc is heavily wounded.
You shoot an arrow. The arrow hits the orc.
You kill the orc!
An orc comes into view. It is wielding a +0 trident.
Something hits you but does no damage.
821 ||| Stepping ~*~*~tactically~*~*~ (outnumbered).
You shoot an arrow. The arrow hits the orc.
The orc is moderately wounded.
Something completely misses you. The orc closely misses you.
You shoot an arrow. The orc closely misses you.
You hear some strange, mumbled words.
You are confused.
Something hits you.
The orc hits you from afar with a +0 trident.
Something hits you!
You die...

.......#..77.7...:
#........7.7....
#.........7.....
###.####.........
#......(.........
####.####'#######
## ##.######
#...###.......#
........@####.#
#.#......#
.........o..oo..
.##....#######..
...... #......
#...... #......
...#


You could see an orc.

Vanquished Creatures
  An adder (D:1)
  2 dart slugs (D:1)
  An orc (D:2)
  3 ball pythons
  2 bats (D:1)
  3 endoplasms (D:1)
  A giant cockroach (D:2)
  A goblin (D:1)
  3 hobgoblins (D:1)
  4 kobolds (D:1)
  A rat (D:1)
22 creatures vanquished.

Notes
Turn   | Place    | Note
-------+----------+-------------------------------------------
     0 | D:1      | qw the Deep Elf Hunter began the quest for the Orb.
     0 | D:1      | Reached XP level 1. HP: 12/12 MP: 3/3
     0 | D:1      | 0 ||| qw: Version: 0.3-a-9-g12657ce
     0 | D:1      | 0 ||| qw: Game counter: 3770
     0 | D:1      | 0 ||| qw: Always use a shield: true
     0 | D:1      | 0 ||| qw: God list: Okawaru
     0 | D:1      | 0 ||| qw: Allow faded altars: false
     0 | D:1      | 0 ||| qw: Do Orc after D:15 true
     0 | D:1      | 0 ||| qw: Do second Lair branch before Depths: true
     0 | D:1      | 0 ||| qw: Lair rune preference: random
     0 | D:1      | 0 ||| qw: Plans: Normal
     0 | D:1      | 0 ||| PLANNING D:1-11
    89 | D:1      | 89 ||| FLEEEEING.
   113 | D:1      | 113 ||| FLEEEEING.
   116 | D:1      | Reached skill level 6 in Ranged Weapons
   116 | D:1      | Reached XP level 2. HP: 12/16 MP: 4/4
   440 | D:1      | Found Bunuabom's Antique Weapon Shoppe.
   710 | D:1      | 710 ||| UPGRADING to +0 scale mail.
   720 | D:1      | 720 ||| DROPPING +0 leather armour.
   721 | D:1      | 721 ||| UPGRADING to +6 ring of dexterity.
   722 | D:1      | 722 ||| READING scroll labelled TUSEOMP OBLU.
   725 | D:1      | 725 ||| READING scroll labelled HOLEUZXIGEA.
   726 | D:1      | 726 ||| READING scroll labelled SIOTHAS PETOL.
   727 | D:1      | 727 ||| READING scroll labelled IKIMME OFOXEC.
   728 | D:1      | 728 ||| DROPPING scroll of butterflies.
   756 | D:2      | 756 ||| STAIRDANCE
   759 | D:2      | 759 ||| STAIRDANCE
   769 | D:1      | Reached XP level 3. HP: 17/20 MP: 5/5
   817 | D:2      | HP: 2/20 [something/magic dart (4)]
   821 | D:2      | 821 ||| Stepping ~*~*~tactically~*~*~ (outnumbered).
   823 | D:2      | HP: 3/20 [something (1)]
   823 | D:2      | HP: 1/20 [orc/+0 trident (2)]
   824 | D:2      | Mangled by an orc wizard

Levels and vault maps discovered:
D:1:      dpeg_arrival_long_road, layout_loops_ring, serial_shops,
          nicolae_square_shop, patterned_corridor
D:2:      layout_basic, shapermc_ecumenical_altar_totnotflames, uniq_jessica

Skill      XL: |  1 |
---------------+----+-----
Ranged Weapons | 6 |  6.8
Fighting       | |  1.5
Dodging        | |  2.4
Stealth        | |  1.2

Action                     || total
---------------------------++-------
   Fire: Shortbow          ||    66
    Use: Scroll            ||     4
 Armour: Leather armour    ||     4
         Scale mail        ||    17
  Dodge: Dodged            ||    25

Table legend:
 A = Non-vault XP
 B = Vault XP
 C = Vault XP percentage of total XP
 D = Non-vault monster count
 E = Vault monster count
 F = Vault count percentage of total count
                 A         B        C        D         E       F
            +---------+---------+-------+---------+---------+-------
      Total |      56 |       0 |   0.0 |      22 |       0 |   0.0
            +---------+---------+-------+---------+---------+-------
        D:1 |      49 |       0 |   0.0 |      19 |       0 |   0.0
        D:2 |       7 |       0 |   0.0 |       3 |       0 |   0.0
            +---------+---------+-------+---------+---------+-------
